 Dungeon Crawl Stone Soup version 0.27.1-33-g824d729ab1 (webtiles) character file.

Game seed: 16639625962627579990

77 SensoryNuts the Slasher (level 4, -40/34 HPs)
             Began as a Demonspawn Gladiator on Dec 10, 2021.
             Killed by an exploding orc (43 damage)
             ... ignited by their inner flame
             ... on level 3 of the Dungeon.
             The game lasted 00:03:37 (2364 turns).

SensoryNuts the Slasher (Demonspawn Gladiator)      Turns: 2364, Time: 00:03:38

Health: -40/34     AC:  6    Str: 16    XL:     4   Next: 14%
Magic:  4/4        EV: 12    Int:  9    God:
Gold:   68         SH:  0    Dex: 14    Spells: 3/3 levels left

rFire    . . .     SeeInvis .   a - +0 long sword
rCold    . . .     Faith    .   (no shield)
rNeg     . . .     Spirit   .   b - +0 leather armour
rPois    .         Reflect  .   c - +0 helmet
rElec    .         Harm     .   (no cloak)
rCorr    .         Rampage  .   (no gloves)
Will     .....                  (no boots)
Stlth    +.........             (no amulet)
HPRegen  0.11/turn              (no ring)
MPRegen  0.18/turn              (no ring)

@: no status effects
A: yellow scales 1, magic regeneration
a: no special abilities


You were on level 3 of the Dungeon.
You visited 1 branch of the dungeon, and saw 3 of its levels.

You collected 68 gold pieces.

Inventory:

Hand Weapons
 a - a +0 long sword (weapon)
Missiles
 d - 3 throwing nets (quivered)
Armour
 b - a +0 leather armour (worn)
 c - a +0 helmet (worn)
Jewellery
 h - a +6 ring of intelligence
Scrolls
 e - a scroll of amnesia {unknown}
 f - a scroll of vulnerability {unknown}
 i - a scroll of teleportation {unknown}
 k - a scroll of magic mapping {unknown}
 m - a scroll of identify {unknown}
Potions
 g - a potion of curing {unknown}
 l - a potion of might {unknown}
 n - 2 potions of heal wounds {unknown}


   Skills:
 + Level 2.4 Fighting
 + Level 3.3 Long Blades
 + Level 1.9 Throwing
 + Level 1.0 Armour
 + Level 3.3 Dodging
 + Level 0.9 Stealth


You had 3 spell levels left.
You didn't know any spells.
Your spell library contained the following spells:

 Spells                   Type           Power      Damage    Failure   Level
 Corona                   Hex            0%         N/A       45%         1
 Pain                     Necr           0%         1d4       45%         1
 Ensorcelled Hibernation  Hex/Ice        0%         N/A       58%         2
 Tukima's Dance           Hex            0%         N/A       83%         3
 Agony                    Necr           0%         N/A       100%        5
 Excruciating Wounds      Necr           0%         N/A       100%        5


Dungeon Overview and Level Annotations

Branches:
Dungeon (3/15)

Altars:

Shops:
D:2 ?


Innate Abilities, Weirdness & Mutations

You are partially covered in yellow scales. (AC +2)
You regenerate magic rapidly.


Message History

The orc misses you. The bat closely misses you.
The orc priest looks satisfied for a moment.
The bat hits you but does no damage.
Found 8 gold pieces.
The bat hits you. The bat misses you. The bat hits you but does no damage.
The bat hits you but does no damage.
You hit the orc.
The orc is almost dead.
The bat barely misses you. The bat hits you but does no damage.
The orc misses you.
The orc priest mumbles some strange prayers to Beogh against you.
Beogh smites you!
An adder comes into view.
Found a chain mail.
The bat misses you.
You riposte.
You hit the bat.
You kill the bat!
The orc priest mumbles some strange prayers to Beogh against you.
Beogh smites you!
* * * LOW HITPOINT WARNING * * *
The orc barely misses you.
You riposte.
You closely miss the orc.
The orc is moderately wounded.
You hit the orc.
The orc is almost dead.
The adder hisses angrily.
The orc closely misses you. x2; The orc hits you with a +0 dagger.
* * * LOW HITPOINT WARNING * * *
The orc priest hits you with a +0 dagger.
* * * LOW HITPOINT WARNING * * *
As you read the scroll labelled EDIQYO PENNAO, it crumbles to dust.
The creatures around you are filled with an inner flame!
It was a scroll of immolation.
The orc hits you with a +0 whip.
* * * LOW HITPOINT WARNING * * *
The orc barely misses you. The orc hits you but does no damage.
The orc priest closely misses you.
Unknown command.
You hit the orc.
The orc explodes!
The fiery explosion engulfs the orc priest!!
The fiery explosion engulfs you!!!
Ouch! That really hurt!
You die...

###.........#
#....#.#).#
#########....#.#..#
.............#.#..#
.............#....#
..[..........##.#.#
.......o...####. .#
.....S.§o§.# ## .#
.......@§§.# >#
.......§o§.#
...........#
#########$## #.#
#.# #.# #.#


You could see an adder (inner flame) and 3 orcs.

Vanquished Creatures
  An orc priest (D:3)
  2 adders (D:2)
  A worm (D:3)
  3 dart slugs (D:1)
  2 orcs (D:3)
  2 endoplasms (D:1)
  2 giant cockroaches (D:1)
  6 goblins
  6 hobgoblins
  4 quokkas
  4 ball pythons
  7 bats
  4 frilled lizards (D:1)
  3 kobolds
  3 rats (D:2)
50 creatures vanquished.

Vanquished Creatures (others)
  A goblin (D:1)
1 creature vanquished.

Grand Total: 51 creatures vanquished

Notes
Turn   | Place    | Note
-------+----------+-------------------------------------------
     0 | D:1      | SensoryNuts the Demonspawn Gladiator began the quest for
                  | the Orb.
     0 | D:1      | Reached XP level 1. HP: 16/16 MP: 1/1
   152 | D:1      | Gained mutation: You are partially covered in yellow
                  | scales. (AC +2) [demonic ancestry]
   152 | D:1      | Reached XP level 2. HP: 21/22 MP: 2/2
   843 | D:1      | Reached XP level 3. HP: 24/27 MP: 3/3
  1056 | D:1      | Found a faded altar of an unknown god.
  1705 | D:2      | Found Jeym's Magic Scroll Shop.
  2196 | D:3      | Gained mutation: You regenerate magic rapidly. [demonic
                  | ancestry]
  2196 | D:3      | Reached XP level 4. HP: 32/34 MP: 4/4
  2264 | D:3      | Reached skill level 1 in Armour
  2364 | D:3      | Killed by an exploding orc... ignited by their inner flame

Illustrated notes

Levels and vault maps discovered:
D:1:      lemuel_arrival_river_ford, layout_loops_ring,
          shapermc_ecumenical_altar_petra, lemuel_flame_loot_1
D:2:      layout_basic, serial_shops, shop_fountains,
          amcnicky_mini_rare_corridor_liquid
D:3:      layout_basic, tso_oasis_becter, serial_shops, nicolae_shop_trees,
          gup_sewer_entry_bubbles

Skill      XL: |  1  2  3  4 |
---------------+-------------+-----
Dodging        | 3 |  3.3
Long Blades    | 3 |  3.3
Armour         | 1 |  1.0
Fighting       | |  2.4
Throwing       | |  1.9
Stealth        | |  0.9

Action                   |  1- 3 |  4- 6 || total
-------------------------+-------+-------++-------
Melee: Long sword        |   136 |    21 ||   157
  Use: Scroll            |       |     1 ||     1
 Stab: Sleeping          |     6 |       ||     6
Armor: Leather armour    |    66 |    23 ||    89
Dodge: Dodged            |   108 |    48 ||   156
       Rpst.: Long sword |    39 |    10 ||    49
